 Dungeon Crawl Stone Soup version 0.31-a0-435-g2c6fae2916 (webtiles) character file.

Game seed: 2460212780453568490

206867 HallandMoats the Demon Slayer (level 18, -8/250 HPs)
             Began as a Minotaur Monk on July 31, 2023.
             Was a High Priest of the Shining One.
             Mangled by a quicksilver dragon (11 damage)
             ... on level 2 of the Depths on Aug 2, 2023.
             The game lasted 01:07:33 (30564 turns).

HallandMoats the Demon Slayer (Minotaur Monk)      Turns: 30564, Time: 01:07:34

Health: -8/250     AC: 20    Str: 21    XL:     18   Next: 8%
Magic:  0/29       EV:  8    Int: 10    God:    the Shining One [*****.]
Gold:   2588       SH: 32    Dex: 19    Spells: 17/17 levels left

rFire   + . .        a - +13 consecrated labrys {holy, Valiant Fragile Fly SInv}
rCold   . . .        p - +18 shield of the Gong {Loud rN+ Will+ rCorr EV-5}
rNeg    + + +        o - +5 plate armour of Action {rN+ Dex+3}
rPois   .            (helmet restricted)
rElec   .            q - +0 cloak
rCorr   +            G - +0 pair of gloves
SInv    +            (no boots)
Will    ++++.        Q - amulet of guardian spirit Stlth
                     c - ring of Recklessness {rF+ Will++ Int+3}
HPRegen 0.61/turn    X - +4 ring of slaying
MPRegen 0.21/turn

%: guardian spirit
@: berserking, corroded, flying, glowing, studying Invocations, very quick
A: horns 2, retaliatory headbutt
}: 1/15 runes: decaying
a: Renounce Religion, Divine Shield, Cleansing Flame, Summon Divine Warrior


You were on level 2 of the Depths.
You worshipped the Shining One.
The Shining One was extremely pleased with you.
You visited 6 branches of the dungeon, and saw 31 of its levels.
You also visited: Ossuary and Ice Cave.

You collected 3998 gold pieces.
You spent 1410 gold pieces at shops.

Inventory:

Hand Weapons
 a - the +13 consecrated labrys (weapon) {holy, Valiant Fragile Fly SInv}
   (You acquired it on level 8 of the Dungeon)

   Valiant:   It becomes more powerful as more dangerous foes come into view.
   SInv:      It lets you see invisible.
   Fly:       It grants you flight.
   Fragile:   It will be destroyed if unequipped.
 R - the +4 hand axe "Eskozif" {venom, rPois}
   (You found it on level 12 of the Dungeon)

   rPois:     It protects you from poison.
Missiles
 b - 5 throwing nets
Armour
 i - the +4 scale mail of Instinct {rC- Will+ rCorr Str+3}
   (You bought it in a shop on level 2 of the Orcish Mines)

   Str:       It affects your strength (+3).
   rC:        It makes you vulnerable to cold.
   rCorr:     It protects you from acid and corrosion.
   Will:      It increases your willpower.
 o - the +5 plate armour of Action (worn) {rN+ Dex+3}
   (You found it on level 13 of the Dungeon)

   Dex:       It affects your dexterity (+3).
   rN:        It protects you from negative energy.
 p - the +18 shield of the Gong (worn) {Loud rN+ Will+ rCorr EV-5}
   (You found it on level 4 of the Lair of Beasts)

   Loud:      It is deafeningly noisy when blocking attacks.
   EV:        It affects your evasion (-5).
   rN:        It protects you from negative energy.
   rCorr:     It protects you from acid and corrosion.
   Will:      It increases your willpower.
 q - a +0 cloak (worn)
 u - a +2 chain mail of cold resistance
 G - a +0 pair of gloves (worn)
 S - the +1 hat of Puisoesh {rF+ Will+ Str-5 Stlth+}
   (You found it on level 11 of the Dungeon)

   Str:       It affects your strength (-5).
   rF:        It protects you from fire.
   Will:      It increases your willpower.
   Stlth:     It makes you more stealthy.
Jewellery
 c - the ring of Recklessness (left hand) {rF+ Will++ Int+3}
   (You acquired it on level 3 of the Lair of Beasts)

   [ring of protection from fire]

   Int:       It affects your intelligence (+3).
   rF:        It protects you from fire.
   Will:      It greatly increases your willpower.
 d - a ring of protection from cold
 t - the amulet "Woubrar" {Reflect Dex+3 SH+5}
   (You found it on level 4 of the Dungeon)

   [amulet of reflection]

   It reflects blocked missile attacks.
   Dex:       It affects your dexterity (+3).
   SH:        It affects your SH (+5).
 w - a ring of protection from fire
 A - an amulet of faith
 B - a ring of resist corrosion
 M - a ring of poison resistance
 Q - an amulet of guardian spirit (around neck)
 X - a +4 ring of slaying (right hand)
Talismans
 D - a storm talisman
 L - a serpent talisman
Wands
 k - a wand of roots (23)
 v - a wand of flame (70)
 y - a wand of digging (5)
 C - a wand of mindburst (12)
 N - a wand of light (3)
Scrolls
 f - 6 scrolls of enchant weapon
 g - 3 scrolls of fog
 h - 9 scrolls of teleportation
 n - a scroll of fear
 r - 7 scrolls of immolation
 s - 6 scrolls of amnesia
 x - 6 scrolls of identify
 z - a scroll of silence
 E - 2 scrolls of revelation
 U - 2 scrolls of enchant armour
 V - 2 scrolls of poison
Potions
 e - 7 potions of enlightenment
 j - 8 potions of brilliance
 l - 5 potions of curing
 m - 4 potions of invisibility
 F - 4 potions of cancellation
 H - 5 potions of might
 I - a potion of haste
 J - a potion of magic
 P - a potion of mutation


   Skills:
 + Level 16.3 Fighting
 + Level 16.3 Axes
 + Level 14.6 Armour
 + Level 13.5 Dodging
 + Level 14.5 Shields
 * Level 16.6 Invocations
 + Level 7.4 Shapeshifting


You had 17 spell levels left.
You didn't know any spells.
Your spell library contained the following spells:

 Spells                   Type           Power      Damage    Failure   Level
 Apportation              Tloc           0%         N/A       99%         1
 Freeze                   Ice            0%         1d3       99%         1
 Necrotise                Necr           0%         1d4       99%         1
 Shock                    Conj/Air       0%         1d3       99%         1
 Slow                     Hex            0%         N/A       99%         1
 Summon Small Mammal      Summ           0%         N/A       99%         1
 Blink                    Tloc           0%         N/A       100%        2
 Ensorcelled Hibernation  Hex/Ice        0%         N/A       100%        2
 Lesser Beckoning         Tloc           0%         N/A       100%        2
 Momentum Strike          Conj/Tloc      0%         3d8       100%        2
 Passwall                 Tmut/Erth      0%         N/A       100%        2
 Poisonous Vapours        Pois/Air       0%         N/A       100%        2
 Sublimation of Blood     Necr           0%         N/A       100%        2
 Wereblood                Tmut           0%         N/A       100%        2
 Call Canine Familiar     Summ           0%         N/A       100%        3
 Confusing Touch          Hex            0%         N/A       100%        3
 Frozen Ramparts          Ice            0%         1d1       100%        3
 Hailstorm                Conj/Ice       0%         3d3       100%        3
 Inner Flame              Hex/Fire       0%         N/A       100%        3
 Mephitic Cloud           Conj/Pois/Air  0%         N/A       100%        3
 Ozocubu's Armour         Ice            0%         N/A       100%        3
 Vampiric Draining        Necr           0%         2d6       100%        3
 Anguish                  Hex/Necr       0%         N/A       100%        4
 Olgreb's Toxic Radiance  Pois           0%         N/A       100%        4
 Passage of Golubria      Tloc           0%         N/A       100%        4
 Petrify                  Tmut/Erth      0%         N/A       100%        4
 Summon Ice Beast         Ice/Summ       0%         N/A       100%        4
 Arcjolt                  Conj/Air       0%         1d10      100%        5
 Freezing Cloud           Conj/Ice/Air   0%         6-21      100%        5
 Irradiate                Conj/Tmut      0%         3d11      100%        5
 Metabolic Englaciation   Hex/Ice        0%         N/A       100%        5
 Silence                  Hex/Air        0%         N/A       100%        5
 Summon Forest            Summ/Tloc      0%         N/A       100%        5
 Summon Mana Viper        Hex/Summ       0%         N/A       100%        5
 Conjure Ball Lightning   Conj/Air       0%         3x3d6     100%        6
 Eringya's Noxious Bog    Tmut/Pois      0%         4d6       100%        6
 Simulacrum               Ice/Necr       0%         N/A       100%        6
 Monstrous Menagerie      Summ           0%         N/A       100%        7
 Summon Hydra             Summ           0%         N/A       100%        7
 Discord                  Hex            0%         N/A       100%        8
 Ignition                 Fire           0%         3d3       100%        8
 Lehudib's Crystal Spear  Conj/Erth      0%         10d2      100%        8


Dungeon Overview and Level Annotations

Branches:
Dungeon (15/15)            Temple (1/1) D:4            Lair (5/5) D:9
  Swamp (4/4) Lair:3       Spider (0/4) Lair:3        Slime (0/5) Lair:4
    Orc (2/2) D:9             Elf (0/3) Orc:2        Vaults (0/5) D:13
 Depths (4/4) D:15        Ossuary (visited)           IceCv (visited)
    Zot: Depths:4

Altars:
Ashenzari
Cheibriados
Dithmenos
Elyvilon
Fedhas
Gozag
Hepliaklqana
Kikubaaqudgha
Makhleb
Nemelex Xobeh
Okawaru
Qazlal
Ru
Sif Muna
Trog
Uskayaw
Vehumet
Wu Jian
Xom
Yredelemnul
Zin
The Shining One
Jiyva

Shops:
D:4 (   D:6 :   D:9 ([   Orc:2 [([[   Depths:1 :

Portals:
Hell: Depths:1 Depths:2
Abyss: Depths:1
Ziggurat: Depths:1

Annotations:
Lair:4 1 runed translucent door


Innate Abilities, Weirdness & Mutations

You have a pair of horns on your head.
You reflexively headbutt those who attack you in melee.


Message History

Unknown command.
A red film seems to cover your vision as you go berserk!
You feel yourself moving faster!
You feel mighty!
Your angel hits the storm dragon with a +1 whip of holy wrath.
Your angel hits the storm dragon with a +1 whip of holy wrath!
You block the quicksilver dragon's attack.
SHROANNG!
The quicksilver dragon claws you but does no damage.
You block the storm dragon's attack.
GONNNNG!
You block the storm dragon's attack.
SHROANNG!
The storm dragon tramples you but does no damage.
Your angel completely misses the storm dragon.
Your angel hits the storm dragon but does no damage.
The quicksilver dragon bites you but does no damage.
The quicksilver dragon claws you.
* * * LOW HITPOINT WARNING * * *
The tengu reaver points at you and mumbles some strange words.
The bolt of acid hits you!! You resist.
* * * LOW HITPOINT WARNING * * *
The acid corrodes you! The bolt of acid hits your angel!!
The acid corrodes your angel!
You hear a shout!
Unknown command.
Unknown command.
Unknown command.
You slice the storm dragon!!
The storm dragon is severely wounded.
You slash the quicksilver dragon! You block the storm dragon's attack.
BOUMMMMG!
You block the storm dragon's attack.
GONNNNG!
The storm dragon tramples you but does no damage.
Your angel gestures.
Your angel is healed somewhat.
You block the quicksilver dragon's attack.
BOUMMMMG!
The quicksilver dragon claws you!
You die...

.## ..# ...... $). ..#
....## ..## ..# #....##
...## .># #....## Q...##
..########....## .....##
#.##......#....##......#
#.##......##....#)......
#.##............@D......
..........##....AD###...
#.##......#####....#
#.##......# ##.∩..#
#+##...<..## ##......
............. #....#
....#......... #....#
....#......... .....
....#..(...... #..


You could see a storm dragon, a quicksilver dragon, a tengu reaver (ally target)
and a friendly angel (summoned, corroded).

Vanquished Creatures
  Sojobo (Depths:3)
  A bone dragon (Depths:4)
  A lich (Depths:4)
  A titan (Depths:4)
  A tengu reaver (Depths:3)
  2 thorn hunters
  4 fire giants (Depths:1)
  5 frost giants
  A ghoul (Swamp:4)
  An orc warlord (Orc:1)
  5 stone giants
  6 very ugly things
  2 vampire knights (Depths:4)
  4 eleionomae
  4 bunyips
  An ettin (Depths:3)
  Josephine (Lair:3)
  4 fire dragons
  The ghost of Aphyov the Severer, a journeyman HOFi of Beogh (Orc:1)
  Fannar (Lair:1)
  2 ice dragons (Depths:4)
  11 hydras
  5 centaur warriors
  3 alligators
  Erica (D:10)
  13 two-headed ogres
  A death knight (D:14)
  5 ogre magi
  6 boulder beetles
  3 deep troll shamans
  A death yak (Lair:2)
  2 orc high priests
  4 deep troll earth magi
  4 tengu warriors
  A demonic crawler (Lair:5)
  4 hell knights (Depths:1)
  2 skysharks
  4 goliath frogs
  5 iron trolls
  A salamander mystic (Depths:1)
  9 deep trolls
  4 spriggan druids
  An orb spider (shapeshifter) (D:14)
  5 bog bodies
  2 lindwurms
  2 wizards
  5 swamp dragons
  2 necromancers (Depths:1)
  4 glowing orange brains (Depths:1)
  A deep elf archer (D:13)
  A deep elf zephyrmancer (D:13)
  Pikel (D:5)
  2 phantasmal warriors (Depths:4)
  2 deep elf pyromancers
  18 ugly things
  A wolf spider (D:13)
  A will-o-the-wisp (Swamp:1)
  A manticore (D:14)
  3 orc sorcerers (Orc:2)
  3 salamanders (Depths:1)
  A cyclops (D:12)
  Maurice (D:10)
  2 ice statues (IceCv)
  11 elephants
  2 molten gargoyles (Lair:5)
  3 unseen horrors (D:12)
  5 black mambas
  10 cane toads
  Maggie (D:7)
  3 torpor snails
  Joseph (D:15)
  Psyche (D:10)
  A gargoyle (D:12)
  6 komodo dragons
  5 rime drakes
  2 tengu conjurers
  2 yaktaurs (D:15)
  An efreet (D:15)
  2 freezing wraiths
  3 meliai (D:15)
  4 trolls
  3 polar bears
  A bloated husk (Swamp:4)
  4 hornets
  7 dream sheep (Lair:5)
  9 tyrant leeches
  13 blink frogs
  2 jumping spiders
  2 shadows
  63 yaks
  4 slime creatures (D:14)
  4 spriggans
  6 wraiths
  2 vampires (D:12)
  7 wyverns
  A fire elemental (Depths:1)
  9 basilisks
  Grum (D:10)
  A redback (D:11)
  A steam dragon (Lair:5)
  17 vampire mosquitoes
  16 swamp worms
  9 wargs
  An acid dragon (D:11)
  3 hell hounds (Lair:5)
  Duvessa (D:5)
  A swamp drake (Swamp:4)
  11 water moccasins
  3 black bears
  15 orc warriors
  A sky beast (D:6)
  An ice beast (D:6)
  16 wolves
  26 ogres
  12 centaurs
  2 phantoms
  3 kobold brigands
  12 bullfrogs
  3 gnoll sergeants
  A necrophage (Swamp:4)
  A scorpion (D:5)
  10 wights (D:8)
  Dowan (D:5)
  8 killer bees
  4 lindwurm simulacra (IceCv)
  4 electric eels
  2 howler monkeys
  8 lava snakes
  2 jellies
  2 komodo dragon simulacra (IceCv)
  3 gnoll boudas
  10 orc priests
  4 hounds
  2 sleepcaps (D:6)
  14 orc wizards
  6 iguanas
  3 mummies
  7 acid dragon simulacra (IceCv)
  33 gnolls
  8 adders
  A shadow imp (D:6)
  A white imp (D:6)
  2 ufetubi
  4 steam dragon simulacra (IceCv)
  5 adder zombies (Ossuary)
  4 worms
  A dart slug (D:3)
  48 orcs
  2 bats
  4 endoplasms
  2 giant cockroaches (D:2)
  2 gnoll zombies (Ossuary)
  4 hobgoblins
  4 jackals (D:1)
  5 quokkas
  3 training dummies (D:4)
  4 ball pythons
  A frilled lizard (D:1)
  2 goblins
  7 hobgoblin zombies (Ossuary)
  14 kobolds
  5 kobold zombies (Ossuary)
  3 orc zombies (Ossuary)
  A rat (D:3)
  A spectral weapon (D:15)
816 creatures vanquished.

Vanquished Creatures (collateral kills)
  A thorn hunter (Swamp:4)
  A storm dragon (Depths:4)
  A frost giant (Depths:1)
  A draconian shifter (Depths:4)
  A ghoul (Swamp:4)
  2 very ugly things (Depths:3)
  2 eleionomae
  A red draconian (Depths:4)
  A black draconian (Depths:4)
  2 shambling mangroves (Swamp:4)
  3 ice dragons
  A centaur warrior (D:13)
  16 hydras
  A ghost crab (Swamp:1)
  A two-headed ogre (D:13)
  2 deep troll earth magi
  A sun demon (Depths:3)
  A fire crab (D:13)
  An iron troll (Depths:4)
  A skeletal warrior (D:13)
  4 swamp dragons (Swamp:4)
  3 bog bodies (Swamp:4)
  2 deep trolls
  A will-o-the-wisp (Swamp:1)
  2 cyclopes (D:13)
  A yaktaur (D:15)
  A rime drake (IceCv)
  A bloated husk (Swamp:4)
  A tyrant leech (Swamp:2)
  4 hornets
  A swamp worm (Swamp:4)
  5 swamp drakes (Swamp:4)
  A bullfrog (Lair:3)
  A necrophage (Swamp:4)
  A lindwurm simulacrum (IceCv)
  A komodo dragon simulacrum (IceCv)
  An orc priest (Orc:1)
  An acid dragon simulacrum (IceCv)
  A steam dragon simulacrum (IceCv)
74 creatures vanquished.

Vanquished Creatures (others)
  A tengu reaver (Depths:3)
  A hell knight (Depths:1)
  Sonja (Orc:2)
  A goliath frog (Swamp:1)
  A swamp dragon (Swamp:1)
  A bog body (Swamp:2)
  A rime drake (IceCv)
  2 bloated husks
  A tyrant leech (Swamp:1)
  A swamp worm (Swamp:1)
  2 swamp drakes (Swamp:4)
  An orc (Orc:2)
  A kobold (D:5)
  5 foxfires
20 creatures vanquished.

Grand Total: 910 creatures vanquished

Notes
Turn   | Place    | Note
-------+----------+-------------------------------------------
     0 | D:1      | HallandMoats the Minotaur Monk began the quest for the Orb.
     0 | D:1      | Reached XP level 1. HP: 19/19 MP: 0/0
   335 | D:1      | Reached XP level 2. HP: 24/27 MP: 1/1
   459 | D:1      | Got the Book of the Helpful Storm
  1057 | D:2      | Found a bloodstained altar of Trog.
  1183 | D:2      | Reached skill level 1 in Armour
  1377 | D:3      | Reached XP level 3. HP: 12/33 MP: 2/2
  1654 | D:3      | Found a glowing silver altar of Zin.
  2150 | D:4      | Found a staircase to the Ecumenical Temple.
  2158 | Temple   | Entered the Ecumenical Temple
  2207 | Temple   | Became a worshipper of the Shining One
  2207 | Temple   | Reached * piety under the Shining One
  2207 | Temple   | Reached ** piety under the Shining One
  2339 | D:4      | Reached XP level 4. HP: 41/41 MP: 3/3
  2435 | D:4      | Found an opulent altar of Gozag.
  2487 | D:4      | Found Ofriegah's Firing Range.
  2664 | D:4      | Identified the amulet "Woubrar" {Reflect Dex+3 SH+5}
  2706 | D:4      | Reached skill level 5 in Axes
  2945 | D:4      | Found a radiant altar of Vehumet.
  2999 | D:3      | Reached skill level 5 in Fighting
  2999 | D:3      | Reached XP level 5. HP: 48/48 MP: 4/4
  3018 | D:4      | Found a shadowy altar of Dithmenos.
  3269 | D:5      | Entered Level 5 of the Dungeon
  3318 | D:5      | Reached skill level 1 in Shields
  3323 | D:5      | Noticed a lemure
  3323 | D:5      | Noticed Pikel
  3324 | D:5      | Noticed a lemure
  3324 | D:5      | Noticed a lemure
  3325 | D:5      | Noticed a lemure
  3332 | D:5      | Killed Pikel
  3333 | D:5      | Reached XP level 6. HP: 45/57 MP: 5/5
  3333 | D:5      | Reached XP level 7. HP: 50/63 MP: 6/6
  3695 | D:5      | Found a snail-covered altar of Cheibriados.
  3971 | D:5      | Noticed Duvessa
  3971 | D:5      | Noticed Dowan
  3986 | D:5      | Killed Duvessa
  3987 | D:5      | Reached XP level 8. HP: 63/71 MP: 7/7
  3994 | D:5      | Killed Dowan
  3995 | D:5      | Reached skill level 5 in Dodging
  4654 | D:6      | Reached *** piety under the Shining One
  4671 | D:6      | Reached skill level 5 in Shields
  4971 | D:6      | Found Lanliamn's Book Boutique.
  5019 | D:6      | Reached XP level 9. HP: 81/81 MP: 8/8
  5347 | D:7      | Noticed Maggie
  5364 | D:7      | Killed Maggie
  5365 | D:7      | Reached skill level 5 in Armour
  5365 | D:7      | Reached skill level 1 in Invocations
  5961 | D:8      | Found a sparkling altar of Nemelex Xobeh.
  6190 | D:8      | Found a sand-covered staircase.
  6204 | Ossuary  | Entered an ossuary
  6222 | Ossuary  | Reached **** piety under the Shining One
  6295 | Ossuary  | Reached ***** piety under the Shining One
  6352 | D:8      | Identified a scroll of acquirement
  6355 | D:8      | Acquired the +4 consecrated labrys {holy, Valiant Fragile
                  | Fly SInv}
  6355 | D:8      | Found the +4 consecrated labrys {holy, Valiant Fragile Fly
                  | SInv}
  6651 | D:8      | Found a bloodstained altar of Trog.
  6652 | D:8      | Found a sacrificial altar of Ru.
  7087 | D:9      | Reached XP level 10. HP: 66/91 MP: 11/11
  7227 | D:9      | Found Fasosyr's Weapon Boutique.
  7228 | D:9      | Found Eweid's Armour Boutique.
  7228 | D:9      | Found a staircase to the Orcish Mines.
  7381 | D:9      | Reached skill level 10 in Fighting
  7381 | D:9      | Reached skill level 10 in Axes
  7500 | D:9      | Found a staircase to the Lair.
  7872 | D:10     | Entered Level 10 of the Dungeon
  7874 | D:10     | Noticed Erica
  7882 | D:10     | Killed Erica
  7883 | D:10     | Reached skill level 5 in Invocations
  7919 | D:10     | Noticed Grum
  7925 | D:10     | Killed Grum
  8037 | D:10     | Found an ancient bone altar of Kikubaaqudgha.
  8070 | D:10     | Noticed Maurice
  8075 | D:10     | Killed Maurice
  8446 | D:10     | Reached skill level 1 in Shapeshifting
  8582 | D:10     | Noticed a two-headed ogre
  8590 | D:10     | Killed a two-headed ogre
  8591 | D:10     | Reached XP level 11. HP: 69/101 MP: 14/14
  8969 | D:10     | Noticed Psyche
  8977 | D:10     | Killed Psyche
  9599 | D:11     | Noticed a two-headed ogre
  9599 | D:11     | Noticed a red ugly thing
  9606 | D:11     | Killed a two-headed ogre
  9608 | D:11     | Killed a red ugly thing
  9642 | D:11     | You are sucked into a shaft and drop 3 floors!
  9698 | D:14     | Noticed a centaur warrior
  9708 | D:14     | Killed a centaur warrior
  9836 | D:14     | Noticed a deep elf pyromancer
  9836 | D:14     | Noticed a boulder beetle
  9861 | D:14     | Killed a deep elf pyromancer
  9875 | D:14     | Killed a boulder beetle
  9879 | D:14     | Noticed a death knight
 10044 | D:13     | Found a gate to the Vaults.
 10081 | D:13     | Found a frozen archway.
 10090 | IceCv    | Entered an ice cave
 10521 | IceCv    | Reached ****** piety under the Shining One
 10637 | IceCv    | Got the Quarto of Interference and Silt
 10670 | IceCv    | Noticed an ice dragon
 10674 | IceCv    | Reached XP level 12. HP: 98/110 MP: 7/16
 10676 | IceCv    | Killed an ice dragon
 10889 | D:13     | Noticed a boulder beetle
 10902 | D:13     | Killed a boulder beetle
 11119 | D:13     | Noticed an eight-headed hydra
 11129 | D:13     | Killed an eight-headed hydra
 11147 | D:13     | Noticed a centaur warrior
 11151 | D:13     | Killed a centaur warrior
 11171 | D:13     | Noticed an ice dragon
 11172 | D:13     | Noticed an ogre mage
 11180 | D:13     | Killed an ogre mage
 11182 | D:13     | Killed an ice dragon
 11227 | D:13     | Noticed a two-headed ogre
 11229 | D:13     | Killed a two-headed ogre
 11285 | D:13     | Noticed a centaur warrior
 11290 | D:13     | Killed a centaur warrior
 11478 | D:13     | Identified the +5 plate armour of Action {rN+ Dex+3}
 11521 | D:13     | Noticed a centaur warrior
 11529 | D:13     | Killed a centaur warrior
 11829 | D:12     | Identified the +4 hand axe "Eskozif" {venom, rPois}
 11856 | D:12     | Reached skill level 10 in Shields
 11866 | D:12     | Noticed a two-headed ogre
 11873 | D:12     | Killed a two-headed ogre
 11874 | D:12     | Reached XP level 13. HP: 118/118 MP: 18/18
 12875 | D:11     | Found a runed translucent door.
 12890 | D:11     | Found a runed translucent gate.
 12893 | D:11     | Found a runed translucent gate.
 12893 | D:11     | Identified the +1 hat of Puisoesh {rF+ Will+ Str-5 Stlth+}
 12895 | D:11     | Found a runed translucent gate.
 12895 | D:11     | Found a runed translucent gate.
 12895 | D:11     | Found a runed translucent gate.
 12895 | D:11     | Identified the +2 whip "Eviscerator" {drain, rPois rF+
                  | Int-3}
 12896 | D:11     | Found a runed translucent gate.
 13014 | D:11     | Acquired 652 gold pieces
 13167 | D:15     | Entered Level 15 of the Dungeon
 13251 | D:15     | Reached skill level 10 in Armour
 13701 | D:15     | Reached skill level 10 in Invocations
 13773 | D:15     | Noticed Joseph
 13781 | D:15     | Killed Joseph
 14269 | D:15     | Noticed a frost giant
 14282 | D:15     | Killed a frost giant
 14283 | D:15     | Found a staircase to the Depths.
 14559 | Lair:1   | Entered Level 1 of the Lair of Beasts
 14885 | Lair:1   | Noticed Fannar
 14889 | Lair:1   | Reached skill level 10 in Dodging
 14899 | Lair:1   | Killed Fannar
 15070 | Lair:1   | Reached XP level 14. HP: 71/129 MP: 21/21
 16928 | Lair:3   | Found a hole to the Spider Nest.
 17034 | Lair:3   | Found a staircase to the Swamp.
 17227 | Lair:3   | Noticed Josephine
 17234 | Lair:3   | Killed Josephine
 17270 | Lair:3   | Found a runed translucent door.
 17489 | Lair:3   | Reached skill level 5 in Shapeshifting
 17527 | Lair:3   | Acquired the ring of Recklessness {rF+ Will++ Int+3}
 17751 | Lair:4   | Found a runed translucent door.
 17751 | Lair:4   | Found a viscous altar of Jiyva.
 17753 | Lair:4   | Noticed an azure jelly
 17753 | Lair:4   | Noticed an azure jelly
 17754 | Lair:4   | Found a staircase to the Slime Pits.
 17949 | Lair:4   | Identified the +3 rapier of Tension {drain, rF+ Will+}
 18000 | Lair:4   | Found the +18 shield of the Gong {Loud rN+ Will+ rCorr
                  | EV-5}
 18416 | Lair:4   | Noticed an azure jelly
 18444 | Lair:5   | Entered Level 5 of the Lair of Beasts
 18554 | Lair:5   | Found the +7 Throatcutter {drain, coup de grace}
 18561 | Lair:5   | Found a large runed translucent door.
 18561 | Lair:5   | Found a large runed translucent door.
 19009 | Lair:5   | Reached XP level 15. HP: 126/137 MP: 23/23
 19772 | Orc:1    | Entered Level 1 of the Orcish Mines
 20112 | Orc:1    | Found a runed translucent gate.
 20112 | Orc:1    | Found a runed translucent gate.
 20112 | Orc:1    | Found a runed translucent gate.
 20113 | Orc:1    | Noticed Aphyov's ghost (journeyman HOFi)
 20126 | Orc:1    | Killed Aphyov's ghost
 20336 | Orc:2    | Entered Level 2 of the Orcish Mines
 20336 | Orc:2    | Noticed Sonja
 20350 | Orc:2    | Killed Sonja
 20883 | Orc:2    | Found a staircase to the Elven Halls.
 20927 | Orc:2    | Found a runed translucent door.
 20981 | Orc:2    | Found a radiant altar of Vehumet.
 21069 | Orc:2    | Found Boplur's Weapon Emporium.
 21069 | Orc:2    | Found Siqem's Antique Armour Shop.
 21069 | Orc:2    | Found Qeghaxt's Armour Boutique.
 21069 | Orc:2    | Found Sytayw's Antique Armour Emporium.
 21460 | Orc:2    | Bought a jewelled scale mail for 333 gold pieces
 21460 | Orc:2    | Identified the +4 scale mail of Instinct {rC- Will+ rCorr
                  | Str+3} (You bought it in a shop on level 2 of the Orcish
                  | Mines)
 21472 | Orc:2    | Bought a runed chain mail for 277 gold pieces
 21584 | Swamp:1  | Entered Level 1 of the Swamp
 22267 | Lair:3   | Upgraded the game from 0.31-a0-431-g88bdf31460 to
                  | 0.31-a0-435-g2c6fae2916
 23429 | Swamp:2  | Reached XP level 16. HP: 112/147 MP: 25/25
 23656 | Swamp:2  | Noticed a thorn hunter
 23670 | Swamp:2  | Killed a thorn hunter
 23881 | Swamp:2  | Identified the +10 battleaxe "Watroaf" {flame, *Noise rElec
                  | rPois Str+4}
 24937 | Swamp:3  | Reached skill level 15 in Fighting
 25157 | Swamp:3  | Noticed a thorn hunter
 25163 | Swamp:3  | Killed a thorn hunter
 25175 | Swamp:3  | Identified the +0 leather armour of Beogh's Supremacy {rC+
                  | Str+4}
 25179 | Swamp:3  | Identified the +4 hand axe of Chagrin {heavy, SInv}
 25324 | Swamp:4  | Entered Level 4 of the Swamp
 25470 | Swamp:4  | Reached skill level 15 in Axes
 25735 | Swamp:4  | Noticed a thorn hunter
 25736 | Swamp:4  | Killed a thorn hunter
 25803 | Swamp:4  | Got a decaying rune of Zot
 27254 | Depths:1 | Entered Level 1 of the Depths
 27537 | Depths:1 | Reached XP level 17. HP: 134/156 MP: 21/26
 28434 | Depths:1 | Found a one-way gate to the infinite horrors of the Abyss.
 28434 | Depths:1 | Found a one-way gateway to a ziggurat.
 28447 | Depths:1 | Found a gateway to Hell.
 28671 | Depths:1 | Reached skill level 15 in Invocations
 28716 | Depths:1 | Found Xackun's Vocational Training.
 28724 | Depths:1 | Bought a manual of Invocations for 800 gold pieces
 29181 | Depths:2 | You are sucked into a shaft and drop 2 floors!
 29181 | Depths:4 | Entered Level 4 of the Depths
 29212 | Depths:4 | Found an iron altar of Okawaru.
 29837 | Depths:4 | Noticed a bone dragon
 29840 | Depths:4 | Noticed a titan
 29848 | Depths:4 | Killed a bone dragon
 29883 | Depths:4 | Killed a titan
 30169 | Depths:4 | Noticed a lich
 30177 | Depths:4 | Killed a lich
 30351 | Depths:3 | Noticed Sojobo
 30375 | Depths:3 | Killed Sojobo
 30398 | Depths:3 | Reached XP level 18. HP: 110/166 MP: 26/29
 30563 | Depths:2 | HP: 3/250 [tengu reaver/bolt of acid (26)]
 30564 | Depths:2 | Mangled by a quicksilver dragon

Illustrated notes

Levels and vault maps discovered:
D:1:      minmay_arrival_four_houses, layout_loops_cross
D:2:      layout_loops_cross, basic_altar, grunt_ministairs_5, fountainhead,
          minmay_misc_feat_doors, minmay_splitting_lines
D:3:      layout_loops_cross, mainiacjoe_overflow_chevrons
D:4:      kennysheep_six_static_rooms, layout_loops_ring, vehumet_altar_wand_db,
          mainiacjoe_overflow_concentric_impassable, grunt_gozag_breadcrumbs,
          minmay_temple_entry_statues_pillars, nicolae_shop_firing_range
D:5:      layout_loops_corners, cheibriados_altar_1, dreamdust_princess_bridge,
          small_statue_alley_b, uniq_duvessa, uniq_pikel
D:6:      layout_rooms, serial_shops, nicolae_stop_n_shop_1,
          minmay_misc_feat_enclosed
D:7:      layout_basic, uniq_maggie
D:8:      layout_loops_ring, nicolae_overflow_squiral, kennysheep_little_box,
          gup_ossuary_entry_pyramid, serial_bayou_pond_a
D:9:      layout_roguey, erik_lair_orcish_takeover, orc_david_3,
          lemuel_flame_loot_1
D:10:     layout_layer_cave, kennysheep_mini_moat,
          hangedman_decor_diamond_cutter, serial_bayou_crossing, uniq_erica,
          uniq_maurice, uniq_grum, uniq_psyche
D:11:     gammafunk_indiana_jones, layout_loops_ring, serial_bayou_lagoon_a
D:12:     layout_long_grid
D:13:     layout_basic, david_vaults_4, portal_ice_cave_entry_pillars_1,
          minivault_28
D:14:     layout_irregular_city, minmay_misc_feat_nine_boxes
D:15:     grunt_enter_depths_snipers, layout_basic, minmay_sticks_and_stones
Temple:   nicolae_temple_god_jail
Lair:1:   layout_roguey, uniq_fannar
Lair:2:   layout_small_grid, chequers_serial_rivers_micro_e,
          dreamdust_gnoll_shepherd, grunt_megastairs_4
Lair:3:   layout_hall_layers, alex1729_swamp_entry_worm_eleionoma,
          spider_nest_entry_rubble, serial_bayou_pond_e, pf_torpor_hydra,
          uniq_josephine
Lair:4:   layout_gridlike, slime_entry_2, lemuel_fruit_fields
Lair:5:   cheibrodos_lair_end_hotspot, layout_cave_pods, worms_lemuel
Swamp:1:  layout_falls_marsh, evilmike_swamp_ruin_house_2
Swamp:2:  layout_basic_swamp, evilmike_swamp_ruin_house_6, swamp_pool1,
          nzn_swamp_stair_ambush, infiniplex_staircase_pool
Swamp:3:  layout_basic_swamp, hangedman_swamp_ruin_wall, swamp_pool1,
          nicolae_swamp_orc_logging_accident
Swamp:4:  swamp_basic_johnstein, layout_basic_swamp
Orc:1:    layout_caves, ebering_ghost_rock_garden
Orc:2:    st_orc_ogre_mass, layout_caves, basic_altar, lightli_church_of_beogh,
          uniq_sonja
Depths:1: layout_basic, enter_ziggurat_e, abyss_entry,
          serial_sigils_hangedman_scratch, hell_entry, minivault_11,
          grunt_ministairs_12, chequers_serial_rivers_micro_b,
          nicolae_shop_vocational
Depths:2: minmay_outward_triangles, layout_basic, pan_entry, hell_entry,
          abyss_entry, nicolae_nh_oracle_at_delphi
Depths:3: evilmike_inaccessible_box, layout_gridlike, serial_shops, shop_statue,
          dreamdust_wishing_well, lightli_too_deep, abyss_entry,
          interstate_on_off, kennysheep_two_boxes,
          infiniplex_staircase_split_hallway, uniq_sojobo
Depths:4: grunt_zot_entry_funnels, layout_gridlike, grunt_decor_mini_mirrors,
          hell_entry, okawaru_gym_becter, uniq_grunn

Skill      XL: |  1  2  3  4  5  6  7  8  9 10 11 12 13 14 15 16 17 |
---------------+----------------------------------------------------+-----
Axes           | 4 5 6 7 8 9 10 11 12 13 14 15 16 | 16.3
Fighting       | 4 5 6 8 9 10 11 12 13 14 15 16 | 16.3
Armour         | 1 2 3 4 6 7 8 9 10 11 12 13 14 | 14.6
Dodging        | 4 5 6 7 8 9 10 11 12 13 | 13.5
Shields        | 3 4 6 7 8 10 11 12 13 14 | 14.5
Invocations    | 3 5 7 9 10 12 13 14 16 | 16.6
Shapeshifting  | 1 2 3 4 5 6 7 |  7.4

Action                     |  1- 3 |  4- 6 |  7- 9 | 10-12 | 13-15 | 16-18 || total
---------------------------+-------+-------+-------+-------+-------+-------++-------
  Melee: Hand axe          |    79 |    84 |   340 |       |       |       ||   503
         Headbutt          |    14 |    21 |   103 |    75 |   255 |   208 ||   676
         Labrys            |       |       |    27 |   261 |   815 |   519 ||  1622
         Unarmed           |       |       |       |     4 |       |       ||     4
 Invoke: Summon Divine War |       |       |       |     2 |     6 |    11 ||    19
         Cleansing Flame   |       |       |       |       |     4 |     1 ||     5
         Divine Shield     |       |       |       |       |       |     2 ||     2
  Evoke: Wand              |       |       |       |     1 |     7 |     5 ||    13
    Use: Scroll            |       |     3 |     8 |     8 |    15 |     3 ||    37
         Potion            |       |     1 |     1 |     2 |     4 |    15 ||    23
 Armour: Robe              |     6 |       |       |       |       |       ||     6
         Ring mail         |     3 |    10 |    37 |       |       |       ||    50
         Swamp dragon scal |       |       |    24 |    71 |    15 |       ||   110
         Plate armour      |       |       |       |       |   335 |   282 ||   617
  Dodge: Dodged            |    47 |    76 |   204 |   203 |   299 |   115 ||   944
  Block: Orb               |       |     7 |       |       |       |       ||     7
         Buckler           |       |     9 |   207 |   170 |   350 |       ||   736
         Reflection        |       |       |     6 |    14 |    40 |       ||    60
         Kite shield       |       |       |       |       |   578 |   738 ||  1316

Table legend: (Time is in decaauts)
 A = Elapsed time spent in this place.
 B = Non-inter-level travel time spent in this place.
 C = Inter-level travel time spent in this place.
 D = Time resting spent in this place.
 E = Time spent auto-exploring this place.
 F = Levels seen in this place.
 G = Mean time per level.
                   A        B        C        D        E       F      G
               +--------+--------+--------+--------+--------+-----+--------+
         Total |  30558 |  28950 |   1608 |   5717 |  16939 |  33 |  926.0 |
       Dungeon |  15185 |  14177 |   1008 |   1516 |   9916 |  15 | 1012.3 |
        Temple |     58 |     58 |      0 |      0 |      0 |   1 |   58.0 |
          Lair |   5866 |   5503 |    363 |    918 |   3487 |   5 | 1173.2 |
         Swamp |   4173 |   4022 |    151 |   1472 |   1615 |   4 | 1043.2 |
  Orcish Mines |   1738 |   1669 |     69 |    429 |    827 |   2 |  869.0 |
        Depths |   2639 |   2625 |     14 |    974 |    934 |   4 |  659.8 |
       Ossuary |    140 |    140 |      0 |      0 |      0 |   1 |  140.0 |
      Ice Cave |    757 |    757 |      0 |    408 |    160 |   1 |  757.0 |
               +--------+--------+--------+--------+--------+-----+--------+

Top non-repeatable levels by time:
    D:15: 1717 daAuts
 Swamp:2: 1517 daAuts
    D:10: 1504 daAuts
  Lair:3: 1489 daAuts
     D:5: 1345 daAuts
  Lair:2: 1337 daAuts
Depths:1: 1310 daAuts
    D:13: 1303 daAuts
  Lair:5: 1237 daAuts
    D:14: 1197 daAuts
 Swamp:1: 1091 daAuts
Depths:4: 1061 daAuts
     D:4: 1046 daAuts
   Orc:1: 1020 daAuts
    D:11: 1003 daAuts
